 Dungeon Crawl Stone Soup version 0.29.0-4-gdea44cf6ec (webtiles) character file.

Game seed: 11103209856036511343

35494 qw the Severer (level 13, -7/189 HPs)
             Began as a Minotaur Berserker on Sept 9, 2022.
             Was an Elder of Trog.
             Mangled by a dire elephant simulacrum (21 damage)
             ... animated by a necromancer
             ... on level 5 of the Lair of Beasts.
             The game lasted 00:05:09 (14498 turns).

qw the Severer (Minotaur Berserker)                Turns: 14498, Time: 00:05:10

Health: -7/189     AC: 22    Str: 25    XL:     13   Next: 47%
Magic:  12/12      EV: 10    Int: 11    God:    Trog [****..]
Gold:   620        SH:  6    Dex: 10    Spells: 12/12 levels left

rFire   . . .      SeeInvis +   i - +5 war axe of Valiance {venom, rC+ rCorr Str-2 Int+7}
rCold   + . .      Faith    .   t - +0 buckler
rNeg    . . .      Spirit   .   u - +2 chain mail {rPois}
rPois   +          Reflect  .   (helmet unavailable)
rElec   +          Harm     .   y - +0 cloak
rCorr   +          Rampage  .   B - +1 pair of gloves
Will    .....                   (no boots)
Stlth   ..........              h - amulet of regeneration
HPRegen 1.21/turn               x - ring of see invisible
MPRegen 0.13/turn               p - +4 ring of protection

@: berserking (expiring), slow
A: horns 3, retaliatory headbutt, electricity resistance
a: Renounce Religion, Berserk, Trog's Hand, Brothers in Arms


You were on level 5 of the Lair of Beasts.
You worshipped Trog.
Trog was greatly pleased with you.
You visited 2 branches of the dungeon, and saw 13 of its levels.

You collected 952 gold pieces.
You spent 332 gold pieces at shops.


Innate Abilities, Weirdness & Mutations

You have a pair of large horns on your head.
You reflexively headbutt those who attack you in melee.
You are resistant to electric shocks. (rElec)


   Skills:
 - Level 15.0 Fighting
 - Level 16.2 Axes
 - Level 7.3 Throwing
 - Level 11.2 Armour
 - Level 6.0 Dodging
 + Level 9.3 Shields


You had 12 spell levels left.
You didn't know any spells.
Your spell library was empty.

Inventory:

Hand Weapons
 d - a +0 morningstar
 i - the +5 war axe of Valiance (weapon) {venom, rC+ rCorr Str-2 Int+7}
   (You bought it in a shop on level 6 of the Dungeon)

   It poisons the flesh of those it strikes.
   Str:       It affects your strength (-2).
   Int:       It affects your intelligence (+7).
   rC:        It protects you from cold.
   rCorr:     It protects you from acid and corrosion.
Missiles
 a - 9 boomerangs
 s - 2 javelins (quivered)
Armour
 k - a +0 pair of boots
 t - a +0 buckler (worn)
 u - a +2 chain mail of poison resistance (worn)
 w - a +0 plate armour
 y - a +0 cloak (worn)
 B - a +1 pair of gloves (worn)
Jewellery
 h - an amulet of regeneration (around neck)
 n - a ring of fire
 o - a +4 ring of evasion
 p - a +4 ring of protection (right hand)
 r - a ring of protection from fire
 x - a ring of see invisible (left hand)
 A - a +4 ring of slaying {mikee}
Scrolls
 l - 2 scrolls of identify
 m - 6 scrolls of teleportation
 v - 3 scrolls of enchant weapon
Potions
 b - 3 potions of heal wounds
 c - 2 potions of mutation
 e - a potion of resistance
 f - 3 potions of haste
 g - 2 potions of curing
 j - a potion of might
 q - a potion of cancellation {unknown}

Dungeon Overview and Level Annotations

Branches:
Dungeon (8/15)             Temple (0/1) D:7            Lair (5/5) D:8
 Shoals (0/4) Lair:2       Spider (0/4) Lair:3        Slime (0/5) Lair:5

Altars:
Cheibriados
Elyvilon
Makhleb
Okawaru
Ru
Sif Muna

Shops:
D:4 *   D:6 (*

Annotations:
Lair:5 1 transporter, qw's ghost, journeyman MiBe


Message History

Your Throwing skill increases to level 7!
You closely miss the necromancer. You headbutt the necromancer!
The necromancer is almost dead.
You hit the dire elephant simulacrum but do no damage.
The necromancer hits you but does no damage.
You slash the necromancer!
You kill the necromancer!
Trog accepts your kill.
Trog appreciates your killing of a magic user.
You hear a splash. x2
You slash the dire elephant simulacrum! You slash the dire elephant simulacrum!
The dire elephant simulacrum is almost destroyed.
You block the dire elephant simulacrum's attack.
The dire elephant simulacrum closely misses you.
Your unstable footing causes you to fumble your attack.
Your unstable footing causes you to fumble your attack.
The dire elephant simulacrum closely misses you.
The dire elephant simulacrum misses you.
The dire elephant simulacrum barely misses you.
The dire elephant simulacrum trunk-slaps you but does no damage.
You completely miss the dire elephant simulacrum.
The dire elephant simulacrum is almost destroyed.
You hit the dire elephant simulacrum. You slash the dire elephant simulacrum!
The dire elephant simulacrum vaporises!
You slash the dire elephant simulacrum!
The dire elephant simulacrum tramples you.
You hold your ground!
The dire elephant simulacrum trunk-slaps you but does no damage.
Your unstable footing causes you to fumble your attack.
You slash the dire elephant simulacrum!
The dire elephant simulacrum is heavily damaged.
Your unstable footing causes you to fumble your attack.
The dire elephant simulacrum tramples you.
You hold your ground!
The dire elephant simulacrum trunk-slaps you.
The dire elephant simulacrum freezes you!!
You resist.
You die...

#...#.#.########
###.....#.8##8?[8#
.#......F..8#.(?.#
#...P...'.}F#....#
#.......'.P8#....#
........#.8##8..8
........#.####''#
.....(..#.##.~~)##
........#.#.~~~~@#
..#.....#.#~~~~0Z#
...##...#.##~~~..#
...P#...#.P#~...##
......#.##.####'##
........7#..P#8.8#
........P###.#...#
.........P##.##..###
..........7#..#..'.##


You could see a blink frog and a dire elephant simulacrum.

Vanquished Creatures
  2 dire elephants (Lair:5)
  2 hydras (Lair:1)
  A boulder beetle (Lair:1)
  A catoblepas (Lair:3)
  A two-headed ogre (D:8)
  6 death yaks (Lair:5)
  A spectral death yak (Lair:5)
  A spectral anaconda (Lair:5)
  An obsidian statue (Lair:5)
  A necromancer (Lair:5)
  5 elephants (Lair:5)
  Joseph (D:7)
  A torpor snail (Lair:5)
  16 cane toads
  A demonic crawler (Lair:3)
  6 komodo dragons
  A rime drake (Lair:3)
  A hornet (Lair:2)
  A polar bear (Lair:5)
  3 blink frogs (Lair:3)
  5 dream sheep (Lair:4)
  A spectral elephant (Lair:5)
  62 yaks
  2 wyverns
  A basilisk (Lair:4)
  2 steam dragons
  A spectral cane toad (Lair:5)
  8 water moccasins
  A sky beast (D:6)
  2 orc warriors
  An ice beast (D:7)
  4 black bears
  An ogre (D:7)
  3 centaurs
  10 wolves
  A kobold brigand (D:7)
  A phantom (D:7)
  12 bullfrogs
  7 necrophages
  4 scorpions
  2 gnoll sergeants (D:7)
  An elephant simulacrum (Lair:5)
  A howler monkey (D:5)
  3 hounds
  2 jellies
  3 orc priests (D:7)
  A gnoll bouda (D:7)
  An iguana (D:7)
  Terence (D:2)
  3 orc wizards
  A mummy (D:4)
  8 adders
  13 gnolls (D:7)
  A white imp (D:8)
  3 worms
  5 dart slugs
  25 orcs
  5 bats
  7 endoplasms
  5 giant cockroaches
  11 goblins
  13 hobgoblins
  2 jackals (D:4)
  10 ball pythons
  2 frilled lizards (D:1)
  10 kobolds
  7 rats
328 creatures vanquished.

Vanquished Creatures (others)
  A bush (Lair:4)
  23 fungi
  22 plants
  6 withered plants (Lair:5)
52 creatures vanquished.

Grand Total: 380 creatures vanquished

Notes
Turn   | Place    | Note
-------+----------+-------------------------------------------
     0 | D:1      | qw the Minotaur Berserker began the quest for the Orb.
     0 | D:1      | Reached XP level 1. HP: 19/19 MP: 0/0
     0 | D:1      | 0 ||| qw: Version: 0.1-a-113-g051387a
     0 | D:1      | 0 ||| qw: Game counter: 6922
     0 | D:1      | 0 ||| qw: Always use a shield: true
     0 | D:1      | 0 ||| qw: Do Orc after D:15 true
     0 | D:1      | 0 ||| qw: Do second Lair branch before Depths: true
     0 | D:1      | 0 ||| qw: Lair rune preference: random
     0 | D:1      | 0 ||| qw: Plans: Normal
     0 | D:1      | 0 ||| PLANNING D:1-11
   173 | D:1      | Reached skill level 4 in Axes
   181 | D:1      | 181 ||| Stepping ~*~*~tactically~*~*~ (stealth).
   185 | D:1      | 185 ||| Stepping ~*~*~tactically~*~*~ (stealth).
   194 | D:1      | 194 ||| Stepping ~*~*~tactically~*~*~ (stealth).
   201 | D:1      | Reached XP level 2. HP: 23/26 MP: 1/1
   241 | D:1      | 241 ||| Stepping ~*~*~tactically~*~*~ (stealth).
   242 | D:1      | 242 ||| Stepping ~*~*~tactically~*~*~ (stealth).
   245 | D:1      | 245 ||| Stepping ~*~*~tactically~*~*~ (stealth).
   719 | D:1      | Reached skill level 5 in Axes
  1097 | D:1      | 1097 ||| DROPPING +0 club.
  1110 | D:1      | 1110 ||| Stepping ~*~*~tactically~*~*~ (stealth).
  1111 | D:1      | 1111 ||| Stepping ~*~*~tactically~*~*~ (stealth).
  1116 | D:1      | Reached XP level 3. HP: 31/31 MP: 2/2
  1162 | D:1      | 1162 ||| UPGRADING to +0 leather armour.
  1172 | D:1      | 1172 ||| DROPPING +0 animal skin.
  1173 | D:1      | 1173 ||| UPGRADING to amulet of regeneration.
  1178 | D:1      | 1178 ||| READING scroll labelled KEUXOM NACHO.
  1179 | D:1      | 1179 ||| READING scroll labelled WOAPPU ROOREN.
  1183 | D:1      | 1183 ||| READING scroll labelled CAGAME LIAG.
  1184 | D:1      | 1184 ||| READING 2 scrolls labelled ASITEO JIERERR.
  1185 | D:1      | 1185 ||| DRINKING 2 fizzy purple potions.
  1186 | D:1      | 1186 ||| DRINKING 2 clear potions.
  1187 | D:1      | 1187 ||| Stepping randomly (stuck).
  1188 | D:1      | 1188 ||| Stepping ~*~*~tactically~*~*~ (cloud).
  1326 | D:2      | Reached ** piety under Trog
  1486 | D:2      | 1486 ||| Stepping ~*~*~tactically~*~*~ (stealth).
  1487 | D:2      | 1487 ||| Stepping ~*~*~tactically~*~*~ (stealth).
  1739 | D:2      | 1739 ||| Stepping ~*~*~tactically~*~*~ (stealth).
  1746 | D:2      | 1746 ||| INVOKING Berserk.
  1899 | D:2      | Reached skill level 6 in Axes
  1899 | D:2      | Reached XP level 4. HP: 31/39 MP: 3/3
  1968 | D:2      | Noticed Terence
  1972 | D:2      | 1972 ||| INVOKING Berserk.
  1974 | D:2      | Killed Terence
  2083 | D:2      | 2083 ||| DROPPING +0 whip.
  2123 | D:2      | 2123 ||| UPGRADING to +0 chain mail.
  2133 | D:2      | 2133 ||| DROPPING +0 leather armour.
  2134 | D:2      | 2134 ||| READING scroll labelled OTTUPO ODOME.
  2235 | D:2      | 2235 ||| READING scroll labelled USOFAI XAEF.
  2236 | D:2      | 2236 ||| DRINKING 2 smoky coppery potions.
  2267 | D:3      | Found a white marble altar of Elyvilon.
  2378 | D:3      | Found a faded altar of an unknown god.
  2453 | D:3      | 2453 ||| FLEEEEING.
  2455 | D:3      | 2455 ||| FLEEEEING.
  2457 | D:3      | 2457 ||| FLEEEEING.
  2458 | D:3      | 2458 ||| FLEEEEING.
  2459 | D:3      | 2459 ||| FLEEEEING.
  2460 | D:3      | 2460 ||| FLEEEEING.
  2461 | D:3      | 2461 ||| STAIRDANCE
  2480 | D:2      | 2480 ||| UPGRADING to +6 ring of strength.
  2629 | D:3      | Reached skill level 1 in Throwing
  2684 | D:3      | 2684 ||| Stepping ~*~*~tactically~*~*~ (stealth).
  2686 | D:3      | 2686 ||| Stepping ~*~*~tactically~*~*~ (stealth).
  2727 | D:3      | 2727 ||| READING scroll labelled JYNIACS DOCHEPI.
  2796 | D:4      | 2796 ||| INVOKING Berserk.
  2798 | D:4      | Reached skill level 7 in Axes
  2798 | D:4      | Reached XP level 5. HP: 45/45 MP: 4/4
  2937 | D:4      | 2937 ||| Stepping ~*~*~tactically~*~*~ (stealth).
  2987 | D:4      | Found Hiawn's Elemental Accessories.
  2993 | D:4      | 2993 ||| Stepping ~*~*~tactically~*~*~ (hiding).
  2994 | D:4      | 2994 ||| Stepping ~*~*~tactically~*~*~ (hiding).
  3428 | D:4      | Found a snail-covered altar of Cheibriados.
  4064 | D:4      | 4064 ||| READING scroll labelled HOYSOX ZICHO.
  4065 | D:4      | 4065 ||| READING scroll labelled BIRHIOSOH.
  4066 | D:4      | 4066 ||| READING scroll labelled SYCUDGH PIASS.
  4067 | D:4      | 4067 ||| READING scroll labelled XUXTIJ TINWYEP.
  4068 | D:4      | 4068 ||| DRINKING 2 red potions.
  4069 | D:4      | 4069 ||| DRINKING 2 orange potions.
  4069 | D:4      | Gained mutation: You are resistant to electric shocks.
                  | (rElec) [potion of mutation]
  4069 | D:4      | Gained mutation: You have a pair of large horns on your
                  | head. [potion of mutation]
  4070 | D:4      | 4070 ||| READING 2 scrolls of identify.
  4070 | D:4      | 4070 ||| IDENTIFYING white potion
  4071 | D:4      | 4071 ||| DROPPING potion of attraction.
  4116 | D:5      | Entered Level 5 of the Dungeon
  4116 | D:5      | Found Eklukuu's Antique Weapon Shop.
  4119 | D:5      | 4119 ||| Stepping ~*~*~tactically~*~*~ (hiding).
  4131 | D:5      | Reached *** piety under Trog
  4133 | D:5      | Noticed a black bear
  4134 | D:5      | Reached XP level 6. HP: 44/53 MP: 5/5
  4137 | D:5      | 4137 ||| INVOKING Berserk.
  4141 | D:5      | Reached skill level 8 in Axes
  4348 | D:5      | 4348 ||| INVOKING Berserk.
  4352 | D:5      | Reached skill level 9 in Axes
  4474 | D:5      | 4474 ||| READING scroll of enchant weapon.
  4474 | D:5      | 4474 ||| ENCHANTING +1 hand axe.
  4502 | D:5      | 4502 ||| INVOKING Berserk.
  4504 | D:5      | Reached XP level 7. HP: 61/61 MP: 6/6
  4508 | D:5      | Reached skill level 3 in Armour
  4632 | D:5      | 4632 ||| Stepping ~*~*~tactically~*~*~ (hiding).
  4648 | D:5      | 4648 ||| DRINKING 3 potions of curing.
  4648 | D:5      | 4648 ||| (to cure confusion)
  4724 | D:5      | 4724 ||| DRINKING 2 potions of curing.
  4724 | D:5      | 4724 ||| (to cure confusion)
  4795 | D:5      | 4795 ||| SWAPPING to +0 war axe.
  4800 | D:5      | 4800 ||| DROPPING +2 hand axe.
  4842 | D:5      | 4842 ||| UPGRADING to +4 ring of protection.
  4843 | D:5      | 4843 ||| READING 2 scrolls of identify.
  4843 | D:5      | 4843 ||| IDENTIFYING gluggy clear potion
  4844 | D:5      | 4844 ||| DROPPING potion of brilliance.
  4872 | D:6      | Found Omitsotuco's Assorted Antiques.
  4876 | D:6      | Reached skill level 10 in Axes
  4882 | D:6      | 4882 ||| BUYING crude war axe (272 gold).
  4882 | D:6      | Bought a crude war axe for 272 gold pieces
  4882 | D:6      | Identified the +5 war axe of Valiance {venom, rC+ rCorr
                  | Str-2 Int+7} (You bought it in a shop on level 6 of the
                  | Dungeon)
  4882 | D:6      | 4882 ||| BUYING fizzy dark potion (28 gold).
  4882 | D:6      | Bought a fizzy dark potion for 28 gold pieces
  4882 | D:6      | 4882 ||| SHOPLISTING potion of curing (96 gold, have 59).
  4882 | D:6      | 4882 ||| BUYING scroll labelled NIOVOC NEOGGI (32 gold).
  4882 | D:6      | Bought a scroll labelled NIOVOC NEOGGI for 32 gold pieces
  4882 | D:6      | 4882 ||| SWAPPING to +5 war axe of Valiance {venom, rC+
                  | rCorr Str-2 Int+7}.
  4883 | D:6      | 4883 ||| DROPPING +0 war axe.
  5234 | D:6      | Reached XP level 8. HP: 69/69 MP: 7/7
  5316 | D:6      | Found Feuf's Weapon Shoppe.
  5389 | D:6      | 5389 ||| Stepping ~*~*~tactically~*~*~ (stealth).
  5391 | D:6      | 5391 ||| Stepping ~*~*~tactically~*~*~ (hiding).
  5400 | D:6      | 5400 ||| Stepping ~*~*~tactically~*~*~ (hiding).
  5762 | D:6      | 5762 ||| READING scroll labelled NIOVOC NEOGGI.
  5763 | D:6      | 5763 ||| READING scroll labelled TENANE OROTWE.
  5840 | D:7      | 5840 ||| FLEEEEING.
  5841 | D:7      | 5841 ||| STAIRDANCE
  5864 | D:7      | 5864 ||| INVOKING Berserk.
  5868 | D:7      | Reached skill level 6 in Fighting
  5996 | D:7      | Reached skill level 11 in Axes
  6012 | D:7      | Reached **** piety under Trog
  6063 | D:7      | Noticed Joseph
  6064 | D:7      | 6064 ||| Stepping ~*~*~tactically~*~*~ (hiding).
  6077 | D:7      | 6077 ||| INVOKING Berserk.
  6078 | D:7      | Killed Joseph
  6079 | D:7      | Reached skill level 12 in Axes
  6273 | D:7      | 6273 ||| INVOKING Berserk.
  6283 | D:7      | Reached XP level 9. HP: 79/79 MP: 8/8
  6295 | D:7      | Reached skill level 13 in Axes
  6298 | D:7      | Reached skill level 3 in Throwing
  6500 | D:7      | Found a staircase to the Ecumenical Temple.
  6565 | D:7      | 6565 ||| Stepping ~*~*~tactically~*~*~ (stealth).
  6567 | D:7      | 6567 ||| Stepping ~*~*~tactically~*~*~ (hiding).
  6570 | D:7      | 6570 ||| Stepping ~*~*~tactically~*~*~ (hiding).
  6575 | D:7      | 6575 ||| INVOKING Berserk.
  6830 | D:7      | 6830 ||| INVOKING Berserk.
  7005 | D:7      | 7005 ||| UPGRADING to +0 buckler.
  7010 | D:7      | 7010 ||| UPGRADING to +2 chain mail of poison resistance.
  7020 | D:7      | 7020 ||| DROPPING +0 chain mail.
  7021 | D:7      | 7021 ||| READING 2 scrolls of identify.
  7021 | D:7      | 7021 ||| IDENTIFYING emerald potion
  7022 | D:7      | 7022 ||| DROPPING potion of magic.
  7119 | D:8      | Reached skill level 1 in Shields
  7148 | D:8      | Found an iron altar of Okawaru.
  7179 | D:8      | Found a sacrificial altar of Ru.
  7210 | D:8      | 7210 ||| Stepping ~*~*~tactically~*~*~ (hiding).
  7215 | D:8      | 7215 ||| INVOKING Berserk.
  7220 | D:8      | Reached skill level 3 in Shields
  7388 | D:8      | Found a flagged portal.
  7389 | D:8      | 7389 ||| Stepping ~*~*~tactically~*~*~ (stealth).
  7425 | D:8      | 7425 ||| Stepping ~*~*~tactically~*~*~ (stealth).
  7429 | D:8      | 7429 ||| INVOKING Berserk.
  7560 | D:8      | Noticed a two-headed ogre
  7564 | D:8      | 7564 ||| INVOKING Berserk.
  7566 | D:8      | Killed a two-headed ogre
  7567 | D:8      | Reached XP level 10. HP: 88/88 MP: 9/9
  7682 | D:8      | Found a burning altar of Makhleb.
  7684 | D:8      | Noticed a green death
  7913 | D:8      | Found a staircase to the Lair.
  7921 | D:8      | 7921 ||| INVOKING Berserk.
  7923 | D:8      | Reached skill level 14 in Axes
  8093 | D:8      | 8093 ||| PLANNING LAIR
  8093 | D:8      | 8093 ||| READING 2 scrolls of identify.
  8093 | D:8      | 8093 ||| IDENTIFYING bubbling puce potion
  8136 | Lair:1   | Entered Level 1 of the Lair of Beasts
  8138 | Lair:1   | Noticed a cane toad
  8139 | Lair:1   | 8139 ||| Stepping ~*~*~tactically~*~*~ (stealth).
  8140 | Lair:1   | 8140 ||| Stepping ~*~*~tactically~*~*~ (stealth).
  8141 | Lair:1   | 8141 ||| Stepping ~*~*~tactically~*~*~ (stealth).
  8145 | Lair:1   | 8145 ||| Stepping ~*~*~tactically~*~*~ (stealth).
  8146 | Lair:1   | 8146 ||| Stepping ~*~*~tactically~*~*~ (stealth).
  8148 | Lair:1   | Reached skill level 3 in Dodging
  8151 | Lair:1   | 8151 ||| Stepping ~*~*~tactically~*~*~ (stealth).
  8153 | Lair:1   | 8153 ||| Stepping ~*~*~tactically~*~*~ (stealth).
  8154 | Lair:1   | 8154 ||| Stepping ~*~*~tactically~*~*~ (stealth).
  8155 | Lair:1   | 8155 ||| Stepping ~*~*~tactically~*~*~ (stealth).
  8174 | Lair:1   | 8174 ||| Stepping ~*~*~tactically~*~*~ (stealth).
  8176 | Lair:1   | 8176 ||| Stepping ~*~*~tactically~*~*~ (stealth).
  8200 | Lair:1   | Reached skill level 15 in Axes
  8233 | Lair:1   | 8233 ||| INVOKING Berserk.
  8236 | Lair:1   | Reached skill level 9 in Fighting
  8293 | Lair:1   | 8293 ||| INVOKING Berserk.
  8296 | Lair:1   | Killed a cane toad
  8452 | Lair:1   | Noticed a seven-headed hydra
  8453 | Lair:1   | 8453 ||| INVOKING Brothers in Arms.
  8454 | Lair:1   | 8454 ||| INVOKING Brothers in Arms.
  8456 | Lair:1   | 8456 ||| SWAPPING to +0 flail.
  8457 | Lair:1   | 8457 ||| INVOKING Berserk.
  8460 | Lair:1   | Killed a seven-headed hydra
  8468 | Lair:1   | 8468 ||| SWAPPING to +5 war axe of Valiance {venom, rC+
                  | rCorr Str-2 Int+7}.
  8642 | Lair:1   | Noticed a seven-headed hydra
  8646 | Lair:1   | 8646 ||| SWAPPING to +0 flail.
  8647 | Lair:1   | 8647 ||| INVOKING Berserk.
  8650 | Lair:1   | Killed a seven-headed hydra
  8651 | Lair:1   | Reached skill level 16 in Axes
  8651 | Lair:1   | Reached XP level 11. HP: 97/97 MP: 10/10
  8664 | Lair:1   | 8664 ||| SWAPPING to +5 war axe of Valiance {venom, rC+
                  | rCorr Str-2 Int+7}.
  8879 | Lair:1   | Noticed a boulder beetle
  8882 | Lair:1   | 8882 ||| INVOKING Berserk.
  8889 | Lair:1   | Killed a boulder beetle
  8890 | Lair:1   | Reached skill level 6 in Shields
  9242 | Lair:1   | 9242 ||| INVOKING Berserk.
  9387 | Lair:1   | 9387 ||| INVOKING Berserk.
  9619 | Lair:1   | 9619 ||| UPGRADING to +0 cloak.
  9624 | Lair:1   | 9624 ||| READING scroll labelled XEIZARCHIBE.
  9672 | Lair:2   | 9672 ||| Stepping ~*~*~tactically~*~*~ (stealth).
  9680 | Lair:2   | Reached skill level 6 in Armour
  9681 | Lair:2   | 9681 ||| Stepping ~*~*~tactically~*~*~ (stealth).
  9685 | Lair:2   | 9685 ||| Stepping ~*~*~tactically~*~*~ (stealth).
  9686 | Lair:2   | 9686 ||| Stepping ~*~*~tactically~*~*~ (stealth).
  9690 | Lair:2   | 9690 ||| Stepping ~*~*~tactically~*~*~ (stealth).
  9692 | Lair:2   | 9692 ||| Stepping ~*~*~tactically~*~*~ (stealth).
  9766 | Lair:2   | 9766 ||| INVOKING Berserk.
  9873 | Lair:2   | Found a shimmering blue altar of Sif Muna.
  9897 | Lair:2   | 9897 ||| Stepping ~*~*~tactically~*~*~ (stealth).
  9898 | Lair:2   | 9898 ||| Stepping ~*~*~tactically~*~*~ (stealth).
  9910 | Lair:2   | 9910 ||| INVOKING Berserk.
 10090 | Lair:2   | 10090 ||| INVOKING Berserk.
 10229 | Lair:2   | 10229 ||| Stepping ~*~*~tactically~*~*~ (stealth).
 10238 | Lair:2   | 10238 ||| Stepping ~*~*~tactically~*~*~ (stealth).
 10472 | Lair:2   | Found a staircase to the Shoals.
 10963 | Lair:2   | 10963 ||| UPGRADING to +0 pair of gloves.
 10968 | Lair:2   | 10968 ||| UPGRADING to ring of see invisible.
 10970 | Lair:2   | 10970 ||| DROPPING +6 ring of strength.
 10971 | Lair:2   | 10971 ||| READING 3 scrolls of identify.
 10971 | Lair:2   | 10971 ||| IDENTIFYING black potion
 10972 | Lair:2   | 10972 ||| READING 2 scrolls of identify.
 10972 | Lair:2   | 10972 ||| IDENTIFYING fuming black potion
 10973 | Lair:2   | 10973 ||| DROPPING potion of degeneration.
 10974 | Lair:2   | 10974 ||| DROPPING potion of berserk rage.
 11029 | Lair:3   | 11029 ||| STAIRDANCE
 11045 | Lair:3   | 11045 ||| STAIRDANCE
 11075 | Lair:3   | 11075 ||| INVOKING Berserk.
 11115 | Lair:3   | Reached skill level 9 in Armour
 11131 | Lair:3   | 11131 ||| INVOKING Berserk.
 11312 | Lair:3   | 11312 ||| INVOKING Berserk.
 11316 | Lair:3   | Reached XP level 12. HP: 112/112 MP: 11/11
 11436 | Lair:3   | Reached skill level 12 in Fighting
 11449 | Lair:3   | 11449 ||| Stepping ~*~*~tactically~*~*~ (stealth).
 11451 | Lair:3   | 11451 ||| Stepping ~*~*~tactically~*~*~ (stealth).
 11455 | Lair:3   | 11455 ||| Stepping ~*~*~tactically~*~*~ (stealth).
 11457 | Lair:3   | 11457 ||| Stepping ~*~*~tactically~*~*~ (stealth).
 11463 | Lair:3   | 11463 ||| Stepping ~*~*~tactically~*~*~ (stealth).
 11474 | Lair:3   | 11474 ||| Stepping ~*~*~tactically~*~*~ (stealth).
 11475 | Lair:3   | 11475 ||| Stepping ~*~*~tactically~*~*~ (stealth).
 11483 | Lair:3   | 11483 ||| Stepping ~*~*~tactically~*~*~ (stealth).
 11697 | Lair:3   | 11697 ||| Stepping ~*~*~tactically~*~*~ (stealth).
 11703 | Lair:3   | Noticed a catoblepas
 11706 | Lair:3   | 11706 ||| Stepping ~*~*~tactically~*~*~ (hiding).
 11707 | Lair:3   | 11707 ||| Stepping ~*~*~tactically~*~*~ (hiding).
 11708 | Lair:3   | 11708 ||| Stepping ~*~*~tactically~*~*~ (hiding).
 11711 | Lair:3   | 11711 ||| INVOKING Berserk.
 11716 | Lair:3   | Killed a catoblepas
 11721 | Lair:3   | 11721 ||| FLEEEEING.
 11722 | Lair:3   | 11722 ||| FLEEEEING.
 11723 | Lair:3   | 11723 ||| FLEEEEING.
 11724 | Lair:3   | 11724 ||| FLEEEEING.
 11725 | Lair:3   | 11725 ||| FLEEEEING.
 11726 | Lair:3   | 11726 ||| FLEEEEING.
 11727 | Lair:3   | 11727 ||| FLEEEEING.
 11728 | Lair:3   | 11728 ||| FLEEEEING.
 11732 | Lair:3   | 11732 ||| FLEEEEING.
 11733 | Lair:3   | 11733 ||| FLEEEEING.
 11734 | Lair:3   | 11734 ||| FLEEEEING.
 11735 | Lair:3   | 11735 ||| FLEEEEING.
 11736 | Lair:3   | 11736 ||| STAIRDANCE
 11921 | Lair:3   | Found a hole to the Spider Nest.
 11924 | Lair:3   | 11924 ||| Stepping ~*~*~tactically~*~*~ (stealth).
 12236 | Lair:3   | 12236 ||| READING 2 scrolls of identify.
 12236 | Lair:3   | 12236 ||| IDENTIFYING fizzy dark potion
 12237 | Lair:3   | 12237 ||| DROPPING potion of flight.
 12671 | Lair:4   | 12671 ||| Stepping ~*~*~tactically~*~*~ (stealth).
 12673 | Lair:4   | 12673 ||| Stepping ~*~*~tactically~*~*~ (stealth).
 12686 | Lair:4   | 12686 ||| Stepping ~*~*~tactically~*~*~ (stealth).
 12696 | Lair:4   | 12696 ||| FLEEEEING.
 12697 | Lair:4   | 12697 ||| FLEEEEING.
 12698 | Lair:4   | 12698 ||| FLEEEEING.
 12699 | Lair:4   | 12699 ||| FLEEEEING.
 12701 | Lair:4   | 12701 ||| FLEEEEING.
 12702 | Lair:4   | 12702 ||| FLEEEEING.
 12703 | Lair:4   | 12703 ||| FLEEEEING.
 12705 | Lair:4   | 12705 ||| FLEEEEING.
 12707 | Lair:4   | 12707 ||| FLEEEEING.
 12708 | Lair:4   | 12708 ||| FLEEEEING.
 12709 | Lair:4   | 12709 ||| FLEEEEING.
 12710 | Lair:4   | 12710 ||| FLEEEEING.
 12739 | Lair:4   | Reached skill level 6 in Throwing
 13146 | Lair:4   | 13146 ||| READING scroll labelled DELELY HOXIRCH.
 13198 | Lair:4   | 13198 ||| DRINKING 2 purple potions.
 13299 | Lair:4   | 13299 ||| READING 2 scrolls of identify.
 13299 | Lair:4   | 13299 ||| IDENTIFYING metallic brown potion
 13300 | Lair:4   | 13300 ||| DROPPING potion of lignification.
 13301 | Lair:4   | 13301 ||| DROPPING potion of ambrosia.
 13321 | Lair:5   | Entered Level 5 of the Lair of Beasts
 13370 | Lair:5   | Reached skill level 9 in Shields
 13439 | Lair:5   | 13439 ||| DROPPING +0 flail.
 13491 | Lair:5   | Found a transporter.
 13500 | Lair:5   | Noticed qw's ghost (journeyman MiBe)
 13555 | Lair:5   | Reached ***** piety under Trog
 13569 | Lair:5   | Found a staircase to the Slime Pits.
 13592 | Lair:5   | 13592 ||| Stepping ~*~*~tactically~*~*~ (stealth).
 13600 | Lair:5   | 13600 ||| INVOKING Berserk.
 13760 | Lair:5   | 13760 ||| Stepping ~*~*~tactically~*~*~ (stealth).
 13761 | Lair:5   | 13761 ||| Stepping ~*~*~tactically~*~*~ (stealth).
 13762 | Lair:5   | 13762 ||| Stepping ~*~*~tactically~*~*~ (stealth).
 13765 | Lair:5   | 13765 ||| Stepping ~*~*~tactically~*~*~ (stealth).
 13767 | Lair:5   | Reached XP level 13. HP: 113/124 MP: 12/12
 13768 | Lair:5   | 13768 ||| INVOKING Berserk.
 13908 | Lair:5   | 13908 ||| Stepping ~*~*~tactically~*~*~ (stealth).
 13909 | Lair:5   | 13909 ||| INVOKING Berserk.
 13926 | Lair:5   | Reached skill level 6 in Dodging
 14081 | Lair:5   | 14081 ||| INVOKING Berserk.
 14219 | Lair:5   | 14219 ||| READING scroll of enchant armour.
 14219 | Lair:5   | 14219 ||| ENCHANTING +0 pair of gloves.
 14295 | Lair:5   | Noticed a dire elephant
 14295 | Lair:5   | Noticed a dire elephant
 14361 | Lair:5   | Reached skill level 15 in Fighting
 14379 | Lair:5   | 14379 ||| INVOKING Brothers in Arms.
 14465 | Lair:5   | 14465 ||| INVOKING Berserk.
 14481 | Lair:5   | Killed a dire elephant
 14486 | Lair:5   | HP: 30/189 [dire elephant (24)]
 14488 | Lair:5   | Killed a dire elephant
 14488 | Lair:5   | HP: 14/189 [dire elephant simulacrum[a necromancer] (15)]
 14495 | Lair:5   | HP: 15/189 [dire elephant simulacrum[a necromancer] (3)]
 14498 | Lair:5   | Mangled by a dire elephant simulacrum

Levels and vault maps discovered:
D:1:      minmay_arrival_doors, layout_loops_ring, serial_aquarium,
          aquarium_bridge_square [aquarium_subvault_bridge,
          aquarium_subvault_wall, aquarium_subvault_wall,
          aquarium_subvault_window], aquarium_window_fake,
          aquarium_window_corridor_1, aquarium_window_2, aquarium_window_1,
          aquarium_view_2c, aquarium_pool_S
D:2:      layout_loops_ring, uniq_terence
D:3:      layout_basic, mainiacjoe_overflow_alcove_4,
          ebering_ecumenical_altar_webs
D:4:      layout_layer_cave, slow_altar_1, nicolae_elemental_shop
D:5:      layout_basic, serial_shops, nicolae_stop_n_shop_1,
          chequers_serial_rivers_large_b
D:6:      layout_basic, serial_shops, nicolae_shop_crystal,
          nicolae_shop_overgrown_old_shop, chequers_mini_garden
D:7:      layout_gridville, minmay_temple_entry_large_hall, uniq_joseph
D:8:      layout_loops_ring, makhleb_altar_promises_db,
          mainiacjoe_overflow_paths, okawaru_trees_1, david_lair_shrubbed,
          enter_bailey_5
Lair:1:   layout_long_grid, patterned_corridor, grunt_megastairs_4,
          lemuel_fruit_fields
Lair:2:   layout_cave_pods, shoals_dummy_entry, basic_altar,
          roderic_carrion_pond
Lair:3:   layout_chaotic_city, nicolae_spider_entry_non_spiders
Lair:4:   layout_concentric_octagons
Lair:5:   due_jungle_book, layout_cave_pods, slime_entry_1,
          gammafunk_ghost_berserking_beasts, lemuel_fruit_tree

Skill      XL: |  1  2  3  4  5  6  7  8  9 10 11 12 13 |
---------------+----------------------------------------+-----
Axes           | 4 5 6 7 9 10 12 13 16 | 16.2
Throwing       | 1 2 3 6 7 |  7.3
Fighting       | 4 5 7 8 9 11 14 15 | 15.0
Armour         | 3 4 5 9 10 11 | 11.2
Shields        | 5 7 9 |  9.3
Dodging        | 3 4 5 6 |  6.0

Action                   |  1- 3 |  4- 6 |  7- 9 | 10-12 | 13-15 || total
-------------------------+-------+-------+-------+-------+-------++-------
Melee: Hand axe          |    98 |    69 |    33 |       |       ||   200
       Headbutt          |    12 |    17 |    17 |    90 |    25 ||   161
       Punch             |     1 |       |     1 |       |       ||     2
       War axe           |       |       |   120 |   353 |    98 ||   571
       Flail             |       |       |       |     6 |       ||     6
Throw: Javelin           |       |    38 |    23 |    63 |     9 ||   133
       Boomerang         |       |       |     5 |    51 |     7 ||    63
Invok: Berserk           |     1 |     5 |     8 |    16 |     4 ||    34
       Brothers in Arms  |       |       |       |     1 |     1 ||     2
  Use: Scroll            |     4 |     9 |     4 |     7 |     1 ||    25
       Potion            |     2 |     3 |     2 |     1 |       ||     8
Armor: Animal skin       |    12 |       |       |       |       ||    12
       Leather armour    |     7 |       |       |       |       ||     7
       Chain mail        |       |    24 |    60 |   130 |    18 ||   232
Dodge: Dodged            |    44 |    41 |    60 |    87 |    20 ||   252
Block: Buckler           |       |       |     1 |    44 |    13 ||    58

Table legend:
 A = Non-vault XP
 B = Vault XP
 C = Vault XP percentage of total XP
 D = Non-vault monster count
 E = Vault monster count
 F = Vault count percentage of total count
                 A         B        C        D         E       F
            +---------+---------+-------+---------+---------+-------
      Total |   41513 |    9193 |  18.1 |     289 |      39 |  11.9
            +---------+---------+-------+---------+---------+-------
        D:1 |      43 |       0 |   0.0 |      25 |       0 |   0.0
        D:2 |      68 |      36 |  34.6 |      18 |       1 |   5.3
        D:3 |      45 |       0 |   0.0 |      19 |       0 |   0.0
        D:4 |     113 |      18 |  13.7 |      13 |       1 |   7.1
        D:5 |     907 |       0 |   0.0 |      28 |       0 |   0.0
        D:6 |     253 |       0 |   0.0 |       7 |       0 |   0.0
        D:7 |    2876 |     419 |  12.7 |      43 |       1 |   2.3
        D:8 |    1257 |     369 |  22.7 |       8 |       5 |  38.5
     Lair:1 |    5622 |    1453 |  20.5 |      16 |       7 |  30.4
     Lair:2 |    4261 |     523 |  10.9 |      21 |       6 |  22.2
     Lair:3 |    7537 |     656 |   8.0 |      31 |       8 |  20.5
     Lair:4 |    5937 |       0 |   0.0 |      29 |       0 |   0.0
     Lair:5 |   12594 |    5719 |  31.2 |      31 |      10 |  24.4
            +---------+---------+-------+---------+---------+-------
